Map: Rhoskallian LE

Players

DrDrade

  • Race: Terran Terran
  • Spawn Location: 5:00

Timotis

  • Race: Terran Terran
  • Spawn Location: 6:00

qqq - Winner!

  • Race: Protoss Protoss
  • League: Platinum
  • Spawn Location: 12:00

Massa - Winner!

  • Race: Terran Terran
  • League: Platinum
  • Spawn Location: 11:00

VOD

Have the link to the VOD?

Description

Time

  • Played on: Sept. 27, 2020, 8:04 a.m.
  • Length: 24:24
Show
View Real Time Build Order
Export as new Build Order

DrDrade Terran 

Build Orders:  

Get SALT Encoding   

  12  0:00  SCV  
  13  0:13  SCV  
  14  0:25  SCV  
  14  0:27  Supply Depot  
  15  0:31  Refinery  
  15  0:50  Barracks  
  15  0:53  SCV  
  16  1:05  SCV  
  16  1:09  Barracks  
  17  1:44  Reaper, Bunker  
  18  1:58  Reaper  
  16  2:16  Reaper  
  16  2:18  SCV  
  18  2:30  SCV  
  19  2:42  SCV  
  20  2:54  SCV  
  21  3:05  Barracks Tech Lab  
  21  3:07  Orbital Command  
  21  3:20  Barracks Reactor  
  21  3:23  Refinery  
  21  3:28  Factory  
  21  3:32  Command Center  
  21  3:34  SCV  
  21  3:40  Stimpack  
  22  3:47  SCV  
  23  4:10  SCV, Supply Depot  
  23  4:55  Marine x3  
  26  5:11  SCV  
  26  5:13  Marine x2  
  28  5:17  Starport  
  28  5:19  Engineering Bay  
  28  5:20  Marine  
  29  5:23  SCV  
  29  5:25  Barracks, Supply Depot  
  29  5:28  SCV  
  31  5:29  Combat Shield  
  31  5:31  Marine x2  
  31  5:35  SCV  
  34  5:40  SCV  
  35  5:47  SCV  
  36  5:52  SCV  
  36  5:55  Starport Reactor  
  37  6:03  Terran Infantry Weapons Level 1  
  37  6:04  SCV  
  37  6:10  Marine x2  
  40  6:13  SCV  
  40  6:16  SCV, Marine  
  44  6:19  Barracks Reactor  
  44  6:25  SCV  
  44  6:29  SCV  
  44  6:30  Barracks  
  45  6:32  Medivac  
  45  6:33  Medivac  
  45  6:38  Missile Turret  
  49  6:52  SCV  
  49  6:53  SCV  
  51  6:56  Marine  
  51  6:57  Marine x2  
  51  6:58  Marine  
  55  7:03  Medivac x2  
  55  7:04  SCV  
  55  7:05  SCV  
  61  7:16  SCV  
  62  7:24  Ghost Academy  
  62  7:29  SCV x2  
  64  7:42  Barracks Reactor  
  64  7:44  Marine x2  
  64  7:45  Marine x2  
  64  7:46  Marine  
  69  7:52  Orbital Command  
  69  7:58  Command Center  
  69  8:02  Marine  
  70  8:26  Marine  
  70  8:27  Marine  
  63  8:40  Marine x3  
  56  8:43  Enhanced Shockwaves  
  56  8:45  Medivac x2  
  60  8:50  Terran Infantry Armor Level 1, Engineering Bay  
  60  8:52  Armory  
  60  8:54  SCV x2  
  62  8:56  Refinery, Marine x4  
  62  8:57  Refinery  
  62  8:58  Marine x3  
  69  9:07  Supply Depot  
  69  9:14  Marine x4  
  73  9:19  Planetary Fortress  
  73  9:20  Missile Turret  
  73  9:23  Marine  
  73  9:24  Marine x2  
  75  9:29  Supply Depot  
  74  9:37  SCV x2  
  76  9:41  Missile Turret  
  76  9:49  SCV x2  
  78  10:01  SCV  
  78  10:02  Missile Turret  
  78  10:03  Medivac x2  
  78  10:07  Barracks  
  83  10:09  SCV x2  
  83  10:11  Barracks  
  83  10:13  SCV, Personal Cloaking  
  86  10:17  Terran Infantry Weapons Level 2  
  86  10:19  Marine x2  
  86  10:20  Marine x3  
  91  10:21  SCV  
  92  11:07  Marine x2  
  92  11:08  Marine x4  
  92  11:09  Barracks Tech Lab  
  92  11:10  Barracks Reactor  
  92  11:11  Marine  
  99  11:13  Concussive Shells  
  99  11:16  SCV x2  
  99  11:17  SCV, Medivac x2  
  106  11:25  Marine x3  
  106  11:27  Marine x3  
  106  11:29  Marauder  
  94  11:34  Terran Infantry Armor Level 2  
  94  11:45  Refinery  
  94  11:46  Refinery  
  94  11:50  Marauder  
  94  11:52  SCV x3  
  99  11:56  Marine  
  99  11:57  Marine x4  
  99  11:58  Ghost, Marine x3, Command Center  
  109  12:15  Marine x3, Ghost, SCV  
  109  12:16  SCV, Supply Depot  
  109  12:20  Supply Depot  
  109  12:21  Missile Turret  
  109  12:22  Supply Depot  
  116  12:26  Ghost  
  118  12:43  Ghost  
  118  12:46  Viking x2  
  124  12:56  Marauder  
  125  13:15  Viking  
  125  13:16  Viking  
  129  13:45  Viking  
  129  13:46  Viking  
  129  14:11  Marine x2  
  129  14:12  Marine x3  
  129  14:14  Marine x3  
  129  14:15  Viking  
  129  14:16  Viking  
  141  14:17  Marine  
  141  14:18  Marine  
  133  14:29  Marine x3  
  133  14:30  Marine x2  
  138  14:32  Marine x3  
  138  14:35  Marine x2  
  143  14:45  Viking  
  143  14:46  Viking  
  143  14:47  Marine x5  
  143  14:50  Marine x3  
  143  14:52  Marine  
  155  14:53  Marine  
  153  15:15  Medivac x2  
  153  15:20  Marine x5  
  153  15:21  Marine x4  
  136  15:22  Marine  
  136  15:26  SCV  
  136  15:27  SCV x3  
  135  15:37  Terran Infantry Weapons Level 3, Marine  
  135  15:38  Terran Infantry Armor Level 3, Marine x5, Supply Depot  
  135  15:39  SCV x3, Marine x2, Supply Depot  
  135  15:40  Marauder x2  
  135  15:41  Supply Depot  
  150  15:44  Supply Depot  
  150  15:45  Viking, Medivac  
  154  15:55  Marine x2  
  154  15:56  Marine x4  
  160  15:57  Nuke  
  160  16:00  Ghost Academy x2  
  160  16:01  Marauder x2  
  164  16:15  Medivac x2  
  168  16:22  Marauder, Ghost  
  163  16:43  Ghost  
  163  16:45  Medivac x2  
  165  16:50  Ghost  
  161  17:06  Marine  
  161  17:07  Marine x7  
  163  17:12  Marine  
  129  17:20  Marauder  
  131  17:24  Marine x2  
  131  17:25  Marine x6  
  139  17:30  Marauder  
  138  17:41  Marauder  
  138  17:42  Marine x3  
  138  17:43  Marine x5  
  141  17:47  Nuke x3  
  141  17:52  Marauder  
  143  18:00  Marine x3  
  143  18:01  Marine x5  
  143  18:02  Marauder  
  153  18:13  Marauder  
  153  18:18  Marine x5  
  153  18:19  Marine x3  
  165  18:27  Ghost  
  165  18:34  Marauder  
  165  18:36  Marine x3  
  153  18:56  Marauder, Ghost  
  148  19:17  Marauder  
  150  19:24  Ghost  
  152  19:38  Ghost  
  142  19:46  Nuke  
  142  19:47  Nuke x2  
  142  19:53  Ghost  
  144  20:06  Ghost  
  146  20:12  Missile Turret  
  146  20:13  Missile Turret  
  146  20:14  Marine x3, Missile Turret x3  
  143  20:15  Marine x3  
  143  20:16  Missile Turret  
  149  20:25  Marine x3  
  152  20:32  Marine x3  
  152  20:33  Marine x3  
  152  20:35  Marine  
  159  20:43  Marine x2  
  143  21:31  Nuke x2  
  141  22:45  Nuke x3  
Show
View Real Time Build Order
Export as new Build Order

Timotis Terran 

Build Orders:  

Get SALT Encoding   

  12  0:00  SCV  
  13  0:12  SCV  
  14  0:19  Supply Depot  
  14  0:25  SCV  
  15  0:35  Refinery  
  15  0:41  SCV  
  16  0:46  Barracks  
  16  0:53  SCV  
  16  1:06  Barracks  
  16  1:08  SCV  
  17  1:20  SCV  
  18  1:46  Marine  
  16  2:05  Marine  
  17  2:27  Reaper x2  
  20  2:30  Barracks  
  20  2:33  Orbital Command  
  20  2:58  SCV  
  20  3:10  SCV  
  21  3:25  Command Center  
  21  3:45  SCV  
  20  3:57  SCV  
  20  4:00  Barracks Reactor x2, Barracks Tech Lab  
  21  4:09  SCV  
  22  4:21  SCV  
  23  4:36  SCV  
  24  4:40  Refinery  
  24  4:42  Factory  
  24  4:43  Stimpack  
  24  4:44  Marine x3  
  24  4:45  Orbital Command  
  27  4:48  SCV  
  28  5:13  Marauder, Marine x3  
  31  5:14  SCV x2  
  31  5:20  Marine  
  34  5:23  Engineering Bay  
  34  5:24  Supply Depot  
  34  5:26  SCV  
  34  5:27  Starport  
  35  5:30  Factory Reactor  
  35  5:34  SCV  
  36  5:42  Marine x2  
  38  5:45  Marine x2  
  40  5:50  Marine  
  40  5:56  SCV x2  
  43  6:03  Marine x2  
  43  6:04  Marine  
  46  6:13  Supply Depot  
  46  6:15  Supply Depot  
  46  6:22  SCV x2, Marine, Medivac x2  
  46  6:23  Marine  
  46  6:25  Combat Shield  
  54  6:34  Marine x2  
  54  6:35  Supply Depot  
  54  6:38  Supply Depot  
  54  6:39  Command Center, Missile Turret  
  56  6:42  Terran Infantry Weapons Level 1  
  56  6:52  SCV x2  
  58  7:17  SCV x2  
  58  7:21  Refinery  
  58  7:22  Refinery  
  60  7:23  Missile Turret  
  60  7:24  Marine x2  
  60  7:29  SCV x2  
  64  7:36  Marine x2  
  64  7:37  Marine  
  66  7:42  Marine  
  50  8:11  Marine x5  
  53  8:23  Barracks  
  53  8:24  Barracks  
  53  8:25  Barracks  
  53  8:28  Barracks, Marine  
  53  8:29  Marine x4  
  53  8:31  Engineering Bay  
  53  8:32  Armory, Supply Depot  
  53  8:34  Supply Depot  
  58  8:39  SCV x2  
  60  8:46  Marine x2  
  63  8:50  Planetary Fortress  
  63  8:51  SCV x2  
  64  8:56  Marine x2  
  66  9:03  Terran Infantry Armor Level 1  
  66  9:04  Missile Turret  
  66  9:05  Missile Turret  
  66  9:06  Concussive Shells  
  66  9:08  Marine x2  
  66  9:09  Marine, Medivac  
  71  9:12  Medivac  
  71  9:13  Missile Turret  
  71  9:15  Missile Turret  
  73  9:17  SCV  
  73  9:23  Barracks Reactor x3  
  74  9:25  Barracks Reactor  
  74  9:27  Marine  
  75  9:31  Marine  
  75  9:32  Marine x2  
  75  9:38  SCV x3  
  81  9:50  SCV, Terran Infantry Weapons Level 2  
  81  9:52  Marine x2  
  83  9:58  Supply Depot  
  84  10:01  SCV x2, Supply Depot  
  84  10:02  SCV, Marine x2  
  89  10:14  Marine  
  89  10:15  Factory Reactor, Marine x6  
  96  10:24  Refinery x2, SCV  
  96  10:26  Missile Turret  
  97  10:34  Marine x3  
  97  11:07  Supply Depot  
  97  11:08  Medivac x2  
  97  11:09  Missile Turret  
  101  11:14  Supply Depot  
  101  11:15  Supply Depot  
  101  11:17  Supply Depot  
  101  11:41  Starport  
  101  11:43  Starport  
  101  11:44  Supply Depot  
  101  11:46  Supply Depot  
  101  11:47  Terran Infantry Armor Level 2  
  101  11:49  Marine x8  
  101  11:53  Terran Vehicle And Ship Armor Level 1  
  109  12:02  Medivac x2  
  109  12:07  Command Center  
  82  12:43  Marine x7  
  67  12:50  Marine x6  
  69  12:54  Starport Reactor x2  
  69  13:04  Command Center  
  63  13:29  Viking x2  
  63  13:30  Marine  
  63  13:31  Marine x2  
  67  13:48  Marine x3  
  70  13:59  Marine  
  70  14:00  Marine  
  61  14:26  Marine  
  61  14:27  Marine x3  
  54  14:55  Viking  
  56  15:01  Viking  
  56  15:03  Marine x3  
  56  15:04  Marine  
  62  15:21  Marine x2  
  62  15:25  Viking  
  66  15:58  Liberator x2  
  66  16:03  SCV x3  
  75  16:07  Orbital Command  
  75  16:18  Marine x11  
  77  16:19  Marine x2  
  88  16:26  Terran Infantry Weapons Level 3  
  88  16:28  Terran Infantry Armor Level 3  
  88  16:34  Refinery  
  88  16:35  Refinery, Orbital Command, Marine x2  
  88  16:36  Marine x3  
  93  16:46  SCV x3  
  96  16:52  Marine x3  
  99  16:58  SCV x2  
  72  17:24  Marine x2  
  72  17:25  Marine x2  
  52  17:32  Marine x6  
  52  17:33  Marine  
  52  17:36  Marine  
  60  17:37  Marine  
  60  17:41  Medivac x3  
  60  17:42  Marine x4, Viking x2  
  75  17:46  Widow Mine  
  75  17:47  Widow Mine  
  75  17:49  Marine x2  
  75  17:50  Marine x5  
  78  17:54  Marine  
  74  18:15  Liberator  
  74  18:16  Liberator  
  70  18:58  Marine x4  
  70  18:59  Marine x6  
  78  19:35  Marine x3  
  76  19:58  Marine x9  
  76  19:59  Marine x2  
  71  20:17  Orbital Command  
  71  20:36  Viking x3  
  74  21:09  Marine x2  
  74  21:10  Marine x6  
  64  21:30  Marine  
  64  21:31  Marine x3  
  62  21:43  Orbital Command  
  62  21:50  Refinery  
  36  22:24  Marine  
  36  22:25  Marine x2  
  31  23:11  Marine  
Show
View Real Time Build Order
Export as new Build Order

qqq Protoss - Winner!

Build Orders: Carriers 

Get SALT Encoding   

  12  0:05  Probe  
  13  0:15  Pylon  
  13  0:20  Probe  
  14  0:36  Forge  
  14  0:40  Probe  
  15  0:53  Probe  
  16  1:05  Pylon  
  16  1:13  Probe  
  17  1:25  Probe  
  18  1:27  Photon Cannon  
  17  2:02  Probe  
  18  2:10  Gateway  
  18  2:15  Nexus  
  17  2:29  Probe (Chrono Boost)  
  17  2:34  Assimilator  
  17  2:38  Assimilator  
  17  2:41  Probe (Chrono Boost)  
  18  2:46  Probe (Chrono Boost)  
  19  2:55  Probe  
  20  2:59  Photon Cannon  
  20  3:07  Probe, Cybernetics Core  
  21  3:19  Probe  
  22  3:28  Pylon  
  22  3:29  Pylon  
  22  3:31  Probe  
  23  3:43  Probe, Stalker (Chrono Boost)  
  25  3:56  Probe  
  25  3:59  Probe  
  27  4:04  Stalker (Chrono Boost)  
  27  4:08  Probe  
  30  4:12  Probe  
  31  4:24  Probe x2  
  31  4:25  Gateway, Stalker (Chrono Boost)  
  32  4:58  Stalker  
  34  5:00  Probe x2  
  33  5:12  Probe  
  34  5:14  Probe  
  35  5:24  Probe  
  35  5:27  Probe  
  37  5:28  Stalker  
  37  5:33  Stargate  
  39  5:36  Probe, Stargate  
  39  5:39  Probe  
  41  5:48  Probe  
  42  5:51  Probe  
  42  5:52  Assimilator, Protoss Air Weapons Level 1  
  42  5:56  Assimilator  
  43  6:00  Probe  
  43  6:03  Probe  
  45  6:12  Probe  
  45  6:15  Probe  
  47  6:19  Phoenix  
  47  6:20  Phoenix  
  47  6:24  Probe  
  52  6:27  Probe  
  53  6:36  Probe  
  53  6:38  Pylon  
  54  6:42  Robotics Facility  
  54  6:50  Pylon  
  54  6:56  Probe x2, Phoenix  
  58  7:04  Fleet Beacon  
  58  7:08  Probe  
  62  7:20  Probe  
  63  7:26  Photon Cannon, Phoenix  
  63  7:29  Phoenix  
  64  7:32  Probe  
  64  7:34  Observer  
  66  7:43  Stargate  
  66  7:51  Phoenix  
  51  8:35  Carrier  
  51  8:38  Probe  
  51  8:50  Probe  
  52  8:57  Observer  
  52  8:58  Pylon  
  52  9:02  Probe (Chrono Boost)  
  53  9:03  Pylon  
  53  9:04  Pylon  
  53  9:06  Nexus  
  53  9:09  Pylon  
  53  9:10  Pylon  
  53  9:12  Probe (Chrono Boost)  
  53  9:13  Pylon  
  53  9:16  Carrier  
  60  9:17  Probe (Chrono Boost)  
  60  9:21  Carrier  
  67  9:28  Probe  
  62  9:36  Protoss Air Armor Level 1  
  62  9:39  Carrier  
  62  9:45  Probe  
  69  9:46  Robotics Facility  
  69  9:48  Photon Cannon  
  69  9:51  Photon Cannon  
  69  9:55  Photon Cannon  
  69  9:57  Probe (Chrono Boost)  
  70  10:06  Probe (Chrono Boost)  
  71  10:11  Probe (Chrono Boost)  
  72  10:20  Carrier  
  78  10:23  Probe  
  78  10:24  Probe  
  79  10:35  Probe  
  80  10:36  Probe  
  81  10:47  Probe  
  81  10:48  Probe  
  83  10:59  Probe  
  83  11:00  Probe  
  85  11:06  Nexus  
  85  11:07  Carrier  
  85  11:11  Probe, Pylon  
  91  11:12  Probe  
  93  11:23  Probe  
  93  11:24  Probe  
  95  11:35  Probe  
  95  11:36  Probe, Tempest, Carrier  
  108  11:48  Probe x2  
  108  11:52  Pylon  
  110  11:55  Pylon  
  110  11:57  Pylon  
  110  12:00  Probe x2  
  108  12:12  Probe x2  
  108  12:24  Probe  
  108  12:25  Probe  
  110  12:31  Carrier x2  
  122  12:50  Probe x2  
  124  13:02  Probe x2  
  126  13:14  Probe x2  
  126  13:16  Photon Cannon  
  126  13:19  Photon Cannon  
  128  13:22  Photon Cannon  
  128  13:25  Photon Cannon  
  128  13:27  Probe  
  129  13:29  Photon Cannon  
  129  13:31  Photon Cannon  
  129  13:39  Probe  
  130  13:59  Tempest  
  141  14:50  Probe x2, Carrier  
  137  14:53  Carrier  
  124  15:02  Probe  
  124  15:03  Probe  
  123  15:14  Probe  
  123  15:15  Probe  
  123  15:26  Probe  
  123  15:27  Probe  
  125  15:33  Pylon  
  125  15:36  Pylon  
  125  15:38  Pylon  
  125  15:40  Nexus  
  125  15:42  Assimilator  
  125  15:46  Assimilator  
  125  15:51  Probe x2  
  125  15:52  Forge  
  125  15:53  Fleet Beacon  
  127  15:58  Assimilator  
  127  16:03  Probe x2  
  129  16:04  Nexus  
  129  16:11  Void Ray  
  129  16:12  Void Ray  
  129  16:14  Nexus  
  129  16:16  Probe  
  129  16:17  Pylon  
  138  16:19  Pylon  
  138  16:23  Pylon  
  138  16:28  Probe  
  138  16:29  Photon Cannon  
  138  16:32  Pylon  
  137  16:34  Pylon  
  137  16:37  Pylon  
  125  16:40  Probe  
  111  16:48  Probe  
  112  17:01  Probe  
  113  17:02  Photon Cannon  
  113  17:04  Photon Cannon  
  113  17:07  Photon Cannon  
  113  17:10  Photon Cannon  
  113  17:13  Probe, Photon Cannon  
  114  17:25  Probe  
  114  17:26  Photon Cannon, Carrier  
  121  17:30  Probe x3, Photon Cannon  
  121  17:33  Photon Cannon  
  121  17:36  Photon Cannon  
  124  17:37  Probe  
  124  17:39  Observer  
  124  17:42  Probe  
  124  17:43  Probe x2  
  129  17:54  Probe  
  130  18:00  Observer  
  131  18:06  Photon Cannon  
  131  18:08  Photon Cannon  
  131  18:11  Cybernetics Core  
  131  18:12  Probe x3  
  134  18:17  Assimilator  
  134  18:21  Observer  
  134  18:24  Probe x3  
  138  18:28  Mothership  
  146  18:36  Probe  
  146  18:38  Probe x2  
  149  18:50  Probe x2  
  151  19:02  Probe x2  
  153  19:09  Carrier x2  
  165  19:10  Tempest  
  165  19:14  Probe x2  
  164  19:58  Observer  
  164  20:02  Carrier  
  164  20:04  Carrier  
  164  20:13  Carrier  
  182  20:25  Observer  
  183  20:38  Protoss Air Weapons Level 2 (Chrono Boost)  
  183  20:46  Observer  
  184  21:06  Tempest  
  189  21:17  Tempest  
  192  22:07  Observer  
  185  22:21  Unknown  
  185  22:39  Carrier x2  
  190  23:24  Observer  
  197  23:46  Observer  
Show
View Real Time Build Order
Export as new Build Order

Massa Terran - Winner!

Build Orders: Reaper Expand 

Get SALT Encoding   

  12  0:00  SCV  
  13  0:12  SCV  
  14  0:22  Supply Depot  
  14  0:24  SCV  
  15  0:36  Refinery  
  15  0:44  SCV  
  15  0:46  Barracks  
  16  0:56  SCV  
  17  1:08  SCV  
  18  1:25  SCV  
  19  1:33  Reaper  
  19  1:38  Command Center  
  20  1:44  Orbital Command  
  20  2:10  SCV  
  21  2:22  SCV  
  22  2:24  Supply Depot  
  22  2:34  SCV  
  23  2:46  SCV  
  24  3:01  Marine  
  24  3:05  Barracks  
  24  3:08  Orbital Command, Bunker  
  24  3:09  SCV  
  25  3:19  Marine  
  26  3:21  SCV  
  27  3:30  Factory  
  27  3:33  SCV  
  28  3:45  SCV  
  28  3:48  Marine  
  27  3:58  SCV  
  23  4:06  Marine  
  21  4:11  Marine  
  21  4:24  Marine  
  21  4:29  Marine  
  23  4:41  Marine  
  23  4:44  Hellion  
  26  4:47  Marine  
  26  4:48  SCV x2  
  29  4:59  Marine  
  30  5:00  SCV x2  
  30  5:04  Marine  
  30  5:05  Hellion  
  35  5:12  SCV  
  36  5:14  SCV  
  37  5:24  SCV  
  37  5:27  SCV  
  39  5:29  Factory Tech Lab  
  39  5:30  Barracks Tech Lab  
  39  5:31  Barracks Reactor  
  39  5:36  SCV  
  39  5:39  SCV  
  41  5:45  Starport  
  41  5:48  SCV  
  42  5:51  SCV  
  42  5:54  Stimpack  
  43  6:01  Refinery  
  43  6:02  Refinery, SCV  
  43  6:03  SCV  
  45  6:07  Command Center  
  45  6:12  Barracks  
  45  6:14  SCV  
  45  6:16  Barracks  
  46  6:18  Engineering Bay  
  46  6:22  Supply Depot x2  
  46  6:23  Supply Depot  
  46  6:43  SCV x2, Siege Tank  
  46  6:46  Supply Depot  
  51  6:51  Medivac  
  49  6:55  SCV  
  50  7:09  Engineering Bay  
  50  7:12  SCV x2  
  52  7:21  Medivac  
  54  7:24  SCV x2  
  54  7:28  Missile Turret  
  56  7:30  Missile Turret  
  56  7:31  Missile Turret  
  56  7:34  Missile Turret  
  56  7:36  SCV  
  57  7:39  Refinery  
  57  7:46  Combat Shield  
  57  7:48  Marauder, Marine  
  57  7:49  Marine  
  61  7:51  Viking  
  61  7:56  Missile Turret  
  40  8:06  SCV x2  
  40  8:09  Marauder  
  40  8:11  SCV  
  45  8:17  Missile Turret  
  45  8:18  SCV x2  
  47  8:23  SCV  
  47  8:25  Siege Tank  
  51  8:38  Missile Turret  
  51  8:44  Marauder, Marine x2  
  55  8:53  Orbital Command  
  55  8:56  SCV  
  55  8:58  SCV  
  55  9:02  Marine x2  
  58  9:05  Marauder  
  58  9:08  SCV  
  58  9:09  Medivac  
  64  9:13  Concussive Shells  
  64  9:28  Missile Turret  
  64  9:33  Barracks Reactor, Barracks Tech Lab  
  64  9:38  Marauder, Marine x2  
  68  9:43  SCV x2  
  70  9:46  SCV  
  70  9:50  Missile Turret  
  71  9:55  SCV x2, Marine  
  71  9:56  Marine  
  71  9:59  Marauder  
  77  10:06  SCV  
  78  10:07  SCV  
  78  10:08  SCV  
  78  10:13  Marine, Missile Turret  
  81  10:18  SCV, Medivac  
  81  10:19  SCV  
  81  10:20  SCV  
  81  10:21  Marauder  
  88  10:24  Missile Turret  
  88  10:30  Starport, SCV  
  89  10:36  Siege Tank  
  89  10:38  SCV  
  93  10:44  Supply Depot  
  93  10:48  Supply Depot  
  93  10:51  SCV x3, Supply Depot  
  93  10:52  Supply Depot x2  
  86  11:03  SCV x2  
  86  11:04  SCV  
  89  11:07  Marauder  
  89  11:08  Marauder, Siege Tank  
  89  11:10  Marine x2  
  98  11:23  Command Center  
  98  11:29  Marauder x2  
  96  11:38  SCV  
  96  11:39  SCV x2  
  99  11:50  Marauder x2  
  99  11:51  SCV x3  
  106  11:58  Marine x4  
  110  12:03  SCV  
  111  12:11  Marine x2  
  113  12:15  Marine  
  113  12:16  Marine x3  
  117  12:29  Marauder  
  121  12:30  Marauder  
  121  12:33  Marine, Medivac  
  117  12:37  Starport Tech Lab  
  110  12:46  Siege Tank  
  110  12:51  Marauder x2  
  115  13:12  Marauder  
  116  13:16  Terran Infantry Armor Level 1, Terran Infantry Weapons Level 1  
  109  13:22  Armory  
  109  13:24  Armory  
  109  13:32  SCV x3  
  112  13:35  Marauder x2  
  112  13:36  Marine x4  
  120  13:44  SCV x3  
  123  13:53  Marine  
  123  13:54  Marine x3  
  127  13:56  SCV  
  127  13:57  SCV x2, Marauder x2  
  134  14:08  SCV  
  134  14:09  SCV x2  
  137  14:11  Marine  
  137  14:12  Marine x3  
  141  14:18  Marauder x2  
  141  14:20  SCV  
  141  14:21  SCV x2  
  148  14:29  Marine x3  
  148  14:32  Marine  
  147  14:39  Marauder  
  148  15:03  Orbital Command, Supply Depot x2  
  148  15:05  Supply Depot x2  
  148  15:06  Supply Depot x2  
  148  15:07  Marine  
  148  15:09  Marine x2, Supply Depot  
  148  15:10  Marine, Missile Turret x2  
  148  15:12  Marine x2  
  148  15:13  Missile Turret  
  139  15:25  Marine  
  139  15:26  Supply Depot  
  139  15:27  Marauder x2  
  144  15:28  Marine  
  144  15:29  Marine, Supply Depot  
  144  15:30  Marine, Supply Depot  
  144  15:31  Missile Turret, Supply Depot  
  144  15:32  Supply Depot  
  144  15:33  Missile Turret  
  147  15:35  Missile Turret  
  147  15:41  Raven  
  147  15:42  Marine, Medivac  
  151  15:46  Marine  
  151  15:47  Marine, Siege Tank  
  151  15:48  Marine  
  151  15:49  Marauder x2  
  162  15:55  Missile Turret  
  162  15:56  Missile Turret  
  160  16:00  Marine  
  160  16:01  Smart Servos  
  161  16:04  Marine  
  161  16:05  Marine  
  161  16:06  Marine  
  161  16:10  Refinery, Marauder x2  
  168  16:12  Refinery, Medivac  
  170  16:19  Siege Tank  
  170  16:23  Medivac  
  175  16:29  Command Center  
  175  16:31  Marauder  
  143  17:11  Marauder  
  143  17:12  Marauder, Marine x4  
  141  17:29  Marine  
  141  17:30  Marine x3  
  141  17:32  Marauder  
  141  17:33  Marauder  
  147  17:47  Marine  
  147  17:48  Marine x3  
  151  17:54  Marauder x2  
  155  18:03  Siege Tank  
  155  18:05  Marine  
  158  18:06  Marine x3  
  162  18:15  Marauder  
  162  18:16  Marauder  
  166  18:23  Marine x4  
  170  18:29  Orbital Command  
  170  18:35  Siege Tank  
  170  18:36  Command Center  
  170  18:37  Marauder x2  
  170  18:39  SCV x4  
  170  18:41  Marine x4  
  185  18:51  SCV x2  
  187  18:58  Marauder  
  187  18:59  Marauder  
  187  19:01  Marine  
  187  19:02  Marine x3  
  145  19:07  Siege Tank  
  147  19:10  Medivac x2  
  149  19:19  Marauder, Marine x4  
  149  19:20  Marauder  
  140  19:37  Marine x4  
  140  19:40  Medivac x2  
  140  19:41  Marauder x2  
  148  19:51  Barracks x2  
  144  19:54  Marine  
  144  19:55  Marine x3  
  144  19:59  Command Center  
  148  20:02  Marauder  
  148  20:03  Marauder  
  148  20:11  Cloaking Field  
  148  20:12  Marine  
  148  20:13  Marine x3  
  148  20:14  Starport Reactor  
  148  20:24  SCV x3, Marauder x2  
  148  20:27  Orbital Command  
  155  20:36  SCV x3  
  155  20:40  Barracks  
  158  20:43  Refinery  
  158  20:45  Marauder x2  
  158  20:48  SCV x3  
  161  20:54  Command Center  
  157  21:01  SCV x3  
  149  21:06  Marauder  
  149  21:07  Marauder  
  149  21:09  Raven  
  149  21:10  Medivac x2  
  152  21:36  SCV x5  
  157  21:40  Medivac  
  157  21:42  Refinery x2  
  157  21:43  Terran Infantry Weapons Level 2  
  159  21:47  Terran Vehicle And Ship Armor Level 1, Terran Vehicle Weapons Level 1  
  159  21:48  SCV x4  
  149  22:26  Marauder x2, Marine  
  149  22:27  Marine x3  
  145  22:37  Medivac x3  
  151  22:44  Marine x2  
  151  22:47  Marauder  
  151  22:48  Marauder  
  151  22:50  Marine  
  151  22:51  Marine  
  159  22:54  Barracks Tech Lab x2  
  159  22:55  Barracks Reactor  
  159  23:02  Marine x2  
  161  23:07  Medivac x2  
  161  23:08  Marine x2  
  161  23:09  Marauder x2  
  171  23:20  Marine x2  
  173  23:30  Marauder x2  
  173  23:51  Marauder  
  173  23:52  Marauder  
  134  23:55  Marauder  
  134  23:56  Marauder, Marine  
  134  23:57  Marine x5  
  145  24:06  SCV  
  145  24:07  SCV x3  
  161  24:19  Command Center  
Tags
 
Add a new tag
Caveats
  • Supply blocks, unpowered buildings, or Contaminate may cause inaccurate times.
  • Supply counts are checked every 10 seconds.